cohdb
Replays
Latest Replays
All Replays
Popular Replays
Top Player Replays
Match Explorer
How It Works
Community
CoH3 Stats
Reddit
Sign in to upload your games and track your stats! →
Sign in with Steam
Match 47055350
Unlisted
Match 47055350
Overview
Messages
Build Orders
End
Panzergrenadier Squad
250 Light Carrier
Selects Panzerjäger Kommand Battlegroup
Panzergrenadier Squad
Construct Light Support Kompanie
Combat Half-tracks
250 Light Carrier
Panzerjäger Mechanized Group
2.5-tonne Medical Truck
Selects Tank Busters
Fire Support Elements
MG34 Team
Construct Panzerarmee Kommand
Selects Mine Fields
Selects Defensive Positions
Armored Reserves
Veteran Squad Leaders
Panzerjäger Mechanized Group
MatioS
Zbirga
WebsterBolek
Dirkradix
Obsidian sand
szwed
Adult Asthma Is A Choice
Cyone
0
0
Comments
sign in to comment!
No comments posted yet!